 Dungeon Crawl Stone Soup version 0.30.1-6-gbe392663c4 (webtiles) character file.

Game seed: 11722855264525632833

52 Kurtz the Chopper (level 3, -1/23 HPs)
             Began as a Tengu Fighter on Sept 20, 2023.
             Slain by a hobgoblin
             ... wielding a +0 spear
              (4 damage)
             ... on level 2 of the Dungeon.
             The game lasted 00:00:36 (963 turns).

Kurtz the Chopper (Tengu Fighter)                    Turns: 963, Time: 00:00:36

Health: -1/23      AC:  6    Str: 18    XL:     3   Next: 85%
Magic:  4/4        EV:  6    Int:  8    God:
Gold:   83         SH:  4    Dex: 13    Spells: 2/2 levels left

rFire   . . .        a - +0 war axe
rCold   . . .        c - +0 buckler
rNeg    . . .        b - +0 scale mail
rPois   .            (helmet restricted)
rElec   .            (no cloak)
rCorr   .            (no gloves)
SInv    .            (boots unavailable)
Will    .....        (no amulet) Stlth
                     (no ring)
HPRegen 0.23/turn    (no ring)
MPRegen 0.09/turn

%: no passive effects
@: constricted
A: beak, talons 3
a: no special abilities


You were on level 2 of the Dungeon.
You visited 1 branch of the dungeon, and saw 2 of its levels.

You collected 83 gold pieces.

Inventory:

Hand Weapons
 a - a +0 war axe (weapon)
Missiles
 e - 6 poisoned darts (quivered)
Armour
 b - a +0 scale mail (worn)
 c - a +0 buckler (worn)
Scrolls
 h - 2 scrolls of identify {unknown}
 j - 2 scrolls of brand weapon {unknown}
 l - a scroll of enchant armour {unknown}
 n - a scroll of enchant weapon {unknown}
 p - a scroll of fog {unknown}
 q - 2 scrolls of fear {unknown}
Potions
 d - 3 potions of might
 f - a potion of mutation {unknown}
 g - 2 potions of attraction {unknown}
 i - a potion of curing
 k - a potion of invisibility {unknown}
 m - a potion of magic {unknown}
 o - 2 potions of heal wounds {unknown}


   Skills:
 - Level 3.0 Fighting
 * Level 4.4 Axes
 - Level 3.2 Armour
 - Level 3.0 Shields


You had 2 spell levels left.
You didn't know any spells.
Your spell library was empty.

Dungeon Overview and Level Annotations

Branches:
Dungeon (2/15)

Altars:


Innate Abilities, Weirdness & Mutations

You have a beak for a mouth.
You have claws for feet.


Message History

There are monsters nearby!
The ball python hisses angrily.
There are monsters nearby!
A kobold comes into view. It is wielding a +0 dagger.
The hobgoblin hits you but does no damage.
There are monsters nearby!
The kobold shouts!
The hobgoblin hits you but does no damage.
The endoplasm freezes you.
You are frozen.
There are monsters nearby!
You hit the hobgoblin. Your kick misses the hobgoblin.
Your peck misses the hobgoblin.
The hobgoblin is moderately wounded.
You hit the endoplasm. The hobgoblin hits you with a +0 spear.
The endoplasm hits you but does no damage.
The hobgoblin closely misses you. The endoplasm freezes you.
You are frozen.
You slash the endoplasm!
You kill the endoplasm!
You hit the hobgoblin.
The hobgoblin drinks a potion.
The hobgoblin is healed!
The ball python bites you but does no damage.
The ball python grabs you. The ball python constricts you.
You closely miss the hobgoblin. Your kick misses the hobgoblin.
You hit the ball python but do no damage.
The ball python bites you. The ball python constricts you.
The hobgoblin hits you with a +0 spear.
You are too injured to fight recklessly!
Unknown command.
You hit the hobgoblin.
The hobgoblin is heavily wounded.
You hit the ball python but do no damage.
The ball python barely misses you. The ball python constricts you.
The hobgoblin hits you with a +0 spear. The ball python bites you.
* * * LOW HITPOINT WARNING * * *
The ball python constricts you.
* * * LOW HITPOINT WARNING * * *
The hobgoblin hits you with a +0 spear.
You die...

##..........#
##..###.###### ...
###..## #....# ..
##..## #....# ##..
# ^..## ##....# #..
.# #..### #.....#
#.. ..# #....#
#.#...# #K##.#
..##.#
#.#...###gS..#
####.###.....#..@.#
.......#.#...#.#.##
[....#...#####.#.#
.....#...# #.#.#
.....#...#####.#.#
).......##.......#
........##.###..##
#.##....##.#...##
.......(.....###


You could see a hobgoblin, a ball python and a kobold.

Vanquished Creatures
  An adder (D:2)
  4 dart slugs (D:1)
  3 ball pythons (D:2)
  3 endoplasms
  3 giant cockroaches
  2 goblins
  4 hobgoblins (D:1)
  2 quokkas
  3 bats
  2 frilled lizards
  2 kobolds
  4 rats
33 creatures vanquished.

Notes
Turn   | Place    | Note
-------+----------+-------------------------------------------
     0 | D:1      | Kurtz the Tengu Fighter began the quest for the Orb.
     0 | D:1      | Reached XP level 1. HP: 14/14 MP: 2/2
   111 | D:1      | Reached skill level 3 in Axes
   111 | D:1      | Reached XP level 2. HP: 17/19 MP: 3/3
   381 | D:1      | Reached XP level 3. HP: 23/23 MP: 4/4
   756 | D:2      | Reached skill level 4 in Axes
   963 | D:2      | Slain by a hobgoblin

Illustrated notes

Levels and vault maps discovered:
D:1:      ncdulo_smallfort, layout_basic, hangedman_glass_teeth,
          chequers_serial_rivers_large_b, chequers_avenue
D:2:      layout_rooms, shapermc_ecumenical_altar_petra, minmay_heptomino_o4

Skill      XL: |  1  2  3 |
---------------+----------+-----
Axes           | 3 4 |  4.4
Fighting       | |  3.0
Armour         | |  3.2
Shields        | |  3.0

Action                     || total
---------------------------++-------
  Melee: War axe           ||    64
         Kick              ||    13
         Peck              ||     6
 Armour: Scale mail        ||    26
  Dodge: Dodged            ||    31
  Block: Buckler           ||     8
